ITL
TOPEKA TORNADOS @ AMARILLO ARCHDUKES
09/06/2029
 
TOP OF THE 1ST
Topeka Tornados batting - Pitching for Amarillo Archdukes : RHP José Abacil
Pitching: RHP José Abacil
Batting: RHB Desi Thompson 0-0: Ball
1-0: SINGLE (Groundball, 56D)
Batting: SHB Javier Peña 0-0: Ball
1-0: Ball
2-0: Ball
3-0: Called Strike
3-1: Called Strike
3-2: Foul Ball, location: 2F
3-2: Foul Ball, location: 2F
3-2: Foul Ball, location: 2F
3-2: Base on Balls
Desi Thompson to second
Batting: LHB Richard Hinkle 0-0: Called Strike
0-1: Ball
1-1: Ball
2-1: Ball
3-1: Grounds into double play, 6-4-3 (Groundball, 6)
Desi Thompson to third
Batting: SHB Giancarlo Giannini 0-0: Ball
1-0: Called Strike
1-1: Ball
2-1: Swinging Strike
2-2: Ball
3-2: Fly out, F6 (Flyball, 56D)
Top of the 1st over - 0 runs, 1 hit, 0 errors, 1 left on base; Topeka 0 - Amarillo 0
BOTTOM OF THE 1ST
Amarillo Archdukes batting - Pitching for Topeka Tornados : RHP Juan Vázquez
Pitching: RHP Juan Vázquez
Batting: LHB Earl Wigfall 0-0: Ball
1-0: Foul Ball, location: 2F
1-1: Ball
2-1: Fly out, F9 (Flyball, 9S)
Batting: RHB Curt Wagner 0-0: Ball
1-0: Ball
2-0: SINGLE (Groundball, 4D)
Batting: SHB Álex Hernández 0-0: Ball
1-0: Swinging Strike
1-1: Called Strike
1-2: Fly out, F6 (Line Drive, 6)
Batting: LHB Edwin Ryan 0-0: Called Strike
0-1: Ball
1-1: Ground out U3 (Groundball, 3L)
Bottom of the 1st over - 0 runs, 1 hit, 0 errors, 1 left on base; Topeka 0 - Amarillo 0
TOP OF THE 2ND
Topeka Tornados batting - Pitching for Amarillo Archdukes : RHP José Abacil
Batting: RHB Félix Gonzáles 0-0: Ball
1-0: Ground out 5-3 (Groundball, 56)
Batting: LHB Edward Rose 0-0: Called Strike
0-1: Ball
1-1: Called Strike
1-2: Ball
2-2: Foul Ball, location: 2F
2-2: SINGLE (Groundball, 6MD)
Batting: SHB Wayne Matthews 0-0: Called Strike
0-1: Ball
1-1: Ball
2-1: Swinging Strike
2-2: Strikes out looking
Batting: RHB Santiago Morales 0-0: Called Strike
0-1: Ball
1-1: Ball
2-1: Ball
3-1: Called Strike
3-2: Ground out 5-3 (Groundball, 5)
Top of the 2nd over - 0 runs, 1 hit, 0 errors, 1 left on base; Topeka 0 - Amarillo 0
BOTTOM OF THE 2ND
Amarillo Archdukes batting - Pitching for Topeka Tornados : RHP Juan Vázquez
Batting: RHB Herb Bunch 0-0: Ball
1-0: Foul Ball, location: 2F
1-1: Swinging Strike
1-2: Foul Ball, location: 2F
1-2: Strikes out looking
Batting: LHB José Martínez 0-0: Called Strike
0-1: Foul Ball, location: 2F
0-2: Ball
1-2: Foul Ball, location: 2F
1-2: Ball
2-2: Hit by Pitch
Batting: RHB José Tamayo 0-0: Called Strike
0-1: Called Strike
0-2: Ball
1-2: Ball
2-2: Fly out, F6 (Line Drive, 6)
Batting: RHB Roberto García 0-0: Called Strike
0-1: Ball
1-1: Ball
2-1: Ball
3-1: Base on Balls
José Martínez to second
Batting: LHB John Frost 0-0: Swinging Strike
0-1: Ball
1-1: Swinging Strike
1-2: Ground out 4-3 (Groundball, 4)
Bottom of the 2nd over - 0 runs, 0 hits, 0 errors, 2 left on base; Topeka 0 - Amarillo 0
TOP OF THE 3RD
Topeka Tornados batting - Pitching for Amarillo Archdukes : RHP José Abacil
Batting: SHB José López 0-0: Ball
1-0: Foul Ball, location: 2F
1-1: Ground out 6-3 (Groundball, 6M)
Batting: RHB Desi Thompson 0-0: Called Strike
0-1: Ball
1-1: Ball
2-1: Foul Ball, location: 2F
2-2: Fly out, F5 (Line Drive, 5)
Batting: SHB Javier Peña 0-0: Called Strike
0-1: Ball
1-1: Ball
2-1: Called Strike
2-2: Ball
3-2: SINGLE (Groundball, 4MD)
Batting: LHB Richard Hinkle 0-0: Ball
1-0: Ball
2-0: Foul Ball, location: 2F
2-1: SINGLE (Flyball, 78S)
Javier Peña to second
Batting: SHB Giancarlo Giannini 0-0: Foul Ball, location: 2F
0-1: Ball
1-1: Ball
2-1: Ball
3-1: Ground out 4-3 (Groundball, 4D)
Top of the 3rd over - 0 runs, 2 hits, 0 errors, 2 left on base; Topeka 0 - Amarillo 0
BOTTOM OF THE 3RD
Amarillo Archdukes batting - Pitching for Topeka Tornados : RHP Juan Vázquez
Batting: LHB Earl Wigfall 0-0: Ground out 4-3 (Groundball, 4S)
Batting: RHB Curt Wagner 0-0: Swinging Strike
0-1: Foul Ball, location: 2F
0-2: Strikes out looking
Batting: SHB Álex Hernández 0-0: Ball
1-0: SINGLE (Groundball, 4D)
Batting: LHB Edwin Ryan 0-0: Ball
1-0: Foul Ball, location: 2F
1-1: Ground out 4-3 (Groundball, 4)
Bottom of the 3rd over - 0 runs, 1 hit, 0 errors, 1 left on base; Topeka 0 - Amarillo 0
TOP OF THE 4TH
Topeka Tornados batting - Pitching for Amarillo Archdukes : RHP José Abacil
Batting: RHB Félix Gonzáles 0-0: Foul Ball, location: 2F
0-1: Swinging Strike
0-2: Foul Ball, location: 2F
0-2: Ball
1-2: Strikes out swinging
Batting: LHB Edward Rose 0-0: Ball
1-0: Ball
2-0: Called Strike
2-1: Swinging Strike
2-2: Ball
3-2: Base on Balls
Batting: SHB Wayne Matthews 0-0: Ball
1-0: Ball
2-0: Ball
3-0: Called Strike
3-1: Foul Ball, location: 2F
3-2: Base on Balls
Edward Rose to second
Batting: RHB Santiago Morales 0-0: Ball
1-0: Ball
2-0: Ball
3-0: Called Strike
3-1: Base on Balls
Edward Rose to third
Wayne Matthews to second
Batting: SHB José López 0-0: Grounds into double play, 1-2-3 (Groundball, 15S)
Top of the 4th over - 0 runs, 0 hits, 0 errors, 2 left on base; Topeka 0 - Amarillo 0
BOTTOM OF THE 4TH
Amarillo Archdukes batting - Pitching for Topeka Tornados : RHP Juan Vázquez
Batting: RHB Herb Bunch 0-0: Ball
1-0: Ball
2-0: Swinging Strike
2-1: Fly out, F7 (Flyball, 78S)
Batting: LHB José Martínez 0-0: Foul Ball, location: 2F
0-1: SINGLE (Groundball, 34D)
Batting: RHB José Tamayo 0-0: Called Strike
0-1: Ball
1-1: Foul Ball, location: 2F
1-2: Foul Ball, location: 2F
1-2: Foul Ball, location: 2F
1-2: Ball
2-2: Strikes out swinging
Batting: RHB Roberto García 0-0: Ground out 4-3 (Groundball, 4)
Bottom of the 4th over - 0 runs, 1 hit, 0 errors, 1 left on base; Topeka 0 - Amarillo 0
TOP OF THE 5TH
Topeka Tornados batting - Pitching for Amarillo Archdukes : RHP José Abacil
Batting: RHB Desi Thompson 0-0: Ball
1-0: Ball
2-0: Called Strike
2-1: Ball
3-1: Base on Balls
Batting: SHB Javier Peña 0-0: Called Strike
0-1: Called Strike
0-2: Strikes out swinging
Batting: LHB Richard Hinkle 0-0: Ball
1-0: Called Strike
1-1: Ball
2-1: Swinging Strike
2-2: Strikes out swinging
Desi Thompson steals 2nd base
Batter strikes out.
Batting: SHB Giancarlo Giannini 0-0: Foul Ball, location: 2F
0-1: Fly out, F9 (Flyball, 89XD)
Top of the 5th over - 0 runs, 0 hits, 0 errors, 1 left on base; Topeka 0 - Amarillo 0
BOTTOM OF THE 5TH
Amarillo Archdukes batting - Pitching for Topeka Tornados : RHP Juan Vázquez
Batting: LHB John Frost 0-0: Foul Ball, location: 2F
0-1: Ball
1-1: Ball
2-1: Ball
3-1: Foul Ball, location: 2F
3-2: Foul Ball, location: 2F
3-2: Foul Ball, location: 2F
3-2: Foul Ball, location: 2F
3-2: DOUBLE (Line Drive, 78D)
Batting: LHB Earl Wigfall 0-0: Intentional Walk
Batting: RHB Curt Wagner 0-0: Ball
1-0: Swinging Strike
1-1: Called Strike
1-2: Strikes out swinging
Batting: SHB Álex Hernández 0-0: Ground out 3-1 (Groundball, 34S)
John Frost to third
Earl Wigfall to second
Batting: LHB Edwin Ryan 0-0: Ball
1-0: Called Strike
1-1: Ball
2-1: Foul Ball, location: 2F
2-2: Fly out, F7 (Flyball, 7LM)
Bottom of the 5th over - 0 runs, 1 hit, 0 errors, 2 left on base; Topeka 0 - Amarillo 0
TOP OF THE 6TH
Topeka Tornados batting - Pitching for Amarillo Archdukes : RHP José Abacil
Batting: RHB Félix Gonzáles 0-0: Ball
1-0: Ball
2-0: Called Strike
2-1: Ball
3-1: Foul Ball, location: 2F
3-2: Foul Ball, location: 2F
3-2: Foul Ball, location: 2F
3-2: Fly out, F9 (Flyball, 9S)
Batting: LHB Edward Rose 0-0: Ball
1-0: Ball
2-0: Called Strike
2-1: Foul Ball, location: 2F
2-2: Ball
3-2: Fly out, F3 (Line Drive, 3L)
Batting: SHB Wayne Matthews 0-0: Ball
1-0: Ball
2-0: Called Strike
2-1: Ball
3-1: Base on Balls
Batting: RHB Santiago Morales 0-0: Called Strike
Wayne Matthews steals 2nd base
0-1: Foul Ball, location: 2F
0-2: Ground out 6-3 (Groundball, 6MD)
Top of the 6th over - 0 runs, 0 hits, 0 errors, 1 left on base; Topeka 0 - Amarillo 0
BOTTOM OF THE 6TH
Amarillo Archdukes batting - Pitching for Topeka Tornados : RHP Juan Vázquez
Batting: RHB Herb Bunch 0-0: Ball
1-0: Fly out, F9 (Flyball, 9S)
Batting: LHB José Martínez 0-0: Called Strike
0-1: Called Strike
0-2: Foul Ball, location: 2F
0-2: Ball
1-2: Ball
2-2: DOUBLE (Flyball, 89D)
Batting: RHB José Tamayo 0-0: Ball
1-0: Called Strike
1-1: SINGLE (Line Drive, 8RS)
José Martínez to third
Runner from 3rd tries for Home, SAFE, no throw
Batting: RHB Roberto García Pickoff Throw to First - Out!
0-0: Ball
1-0: Foul Ball, location: 2F
1-1: Ground out 4-3 (Groundball, 4)
Bottom of the 6th over - 1 run, 2 hits, 0 errors, 0 left on base; Topeka 0 - Amarillo 1
TOP OF THE 7TH
Topeka Tornados batting - Pitching for Amarillo Archdukes : RHP José Abacil
Batting: SHB José López 0-0: Reached via error on a dropped throw, E3
Pitching: RHP Ignacio Beltrán
Batting: RHB Desi Thompson 0-0: Ball
1-0: Ball
2-0: Ball
3-0: Called Strike
3-1: Foul Ball, location: 2F
3-2: SINGLE (Groundball, 4D)
José López to second
Batting: SHB Javier Peña 0-0: Ball
1-0: Bunted foul
1-1: Sac Bunt - play at first, batter OUT! U3
José López to third
Desi Thompson to second
Batting: LHB Richard Hinkle 0-0: Ball
1-0: Called Strike
1-1: Called Strike
1-2: Strikes out looking
Batting: SHB Giancarlo Giannini 0-0: Called Strike
0-1: Fly out, F3 (Line Drive, 3S)
Top of the 7th over - 0 runs, 1 hit, 1 error, 2 left on base; Topeka 0 - Amarillo 1
BOTTOM OF THE 7TH
Amarillo Archdukes batting - Pitching for Topeka Tornados : RHP Juan Vázquez
Batting: LHB John Frost 0-0: Ball
1-0: Foul Ball, location: 2F
1-1: Swinging Strike
1-2: Foul Ball, location: 2F
1-2: Ball
2-2: Fly out, F6 (Popup, 6M)
Batting: LHB Earl Wigfall 0-0: Ball
1-0: Ground out U3 (Groundball, 34)
Batting: RHB Curt Wagner 0-0: Foul Ball, location: 2F
0-1: Swinging Strike
0-2: Strikes out swinging
Bottom of the 7th over - 0 runs, 0 hits, 0 errors, 0 left on base; Topeka 0 - Amarillo 1
TOP OF THE 8TH
Topeka Tornados batting - Pitching for Amarillo Archdukes : RHP Ignacio Beltrán
Batting: RHB Félix Gonzáles 0-0: Swinging Strike
0-1: SOLO HOME RUN (Flyball, 7D), Distance : 358 ft
Batting: LHB Edward Rose 0-0: Called Strike
0-1: Called Strike
0-2: Ground out 4-3 (Groundball, 4)
Batting: SHB Wayne Matthews 0-0: Swinging Strike
0-1: Foul Ball, location: 2F
0-2: Ball
1-2: Strikes out looking
Pinch Hitting: LHB Alfredo Sánchez 0-0: Ball
1-0: Swinging Strike
1-1: Swinging Strike
1-2: Strikes out looking
Top of the 8th over - 1 run, 1 hit, 0 errors, 0 left on base; Topeka 1 - Amarillo 1
BOTTOM OF THE 8TH
Amarillo Archdukes batting - Pitching for Topeka Tornados : RHP Juan Vázquez
Pitching: LHP John Whitaker
Now in LF: Bill Frazier
Batting: SHB Álex Hernández 0-0: Ball
1-0: Fly out, F9 (Flyball, 9)
Batting: LHB Edwin Ryan 0-0: Ground out 6-3 (Groundball, 6S)
Batting: RHB Herb Bunch 0-0: Ball
1-0: Ball
2-0: Ball
3-0: Base on Balls
Batting: LHB José Martínez 0-0: Ball
1-0: Called Strike
1-1: Called Strike
1-2: Foul Ball, location: 2F
1-2: Ball
2-2: Foul Ball, location: 2F
2-2: Foul Ball, location: 2F
2-2: Ball
3-2: Foul Ball, location: 2F
3-2: Base on Balls
Herb Bunch to second
Batting: RHB José Tamayo 0-0: Ball
1-0: Called Strike
1-1: Swinging Strike
1-2: Strikes out swinging
Bottom of the 8th over - 0 runs, 0 hits, 0 errors, 2 left on base; Topeka 1 - Amarillo 1
TOP OF THE 9TH
Topeka Tornados batting - Pitching for Amarillo Archdukes : RHP Ignacio Beltrán
Pitching: LHP Christiano Gomes
Batting: SHB José López 0-0: Called Strike
0-1: Foul Ball, location: 2F
0-2: Ball
1-2: Ball
2-2: Foul Ball, location: 2F
2-2: Foul Ball, location: 2F
2-2: Ball
3-2: Base on Balls
Batting: RHB Desi Thompson 0-0: Ball
1-0: Foul Ball, location: 2F
1-1: Ball
2-1: Ball
3-1: Base on Balls
José López to second
Batting: SHB Javier Peña 0-0: Swinging Strike
0-1: Ball
1-1: Ball
2-1: Sac Bunt - play at first, batter OUT! 1-4
José López to third
Desi Thompson to second
Batting: LHB Richard Hinkle 0-0: Ground out 4-3 (Groundball, 4)
Batting: SHB Giancarlo Giannini 0-0: Ball
1-0: Ground out 3-1 (Groundball, 34)
Top of the 9th over - 0 runs, 0 hits, 0 errors, 2 left on base; Topeka 1 - Amarillo 1
BOTTOM OF THE 9TH
Amarillo Archdukes batting - Pitching for Topeka Tornados : LHP John Whitaker
Batting: RHB Roberto García 0-0: Ball
1-0: Foul Ball, location: 2F
1-1: Ball
2-1: Foul Ball, location: 2F
2-2: Foul Ball, location: 2F
2-2: Strikes out swinging
Pinch Hitting: RHB Paul Ladd 0-0: Ball
1-0: Called Strike
1-1: Called Strike
1-2: Strikes out swinging
Batting: LHB Earl Wigfall 0-0: Ground out 6-3 (Groundball, 6)
Bottom of the 9th over - 0 runs, 0 hits, 0 errors, 0 left on base; Topeka 1 - Amarillo 1
TOP OF THE 10TH
Topeka Tornados batting - Pitching for Amarillo Archdukes : LHP Christiano Gomes
Now in RF: J.J. Leslie
Batting: RHB Félix Gonzáles 0-0: Ball
1-0: Ball
2-0: Swinging Strike
2-1: Foul Ball, location: 2F
2-2: Strikes out swinging
Batting: LHB Edward Rose 0-0: Foul Ball, location: 2F
0-1: Foul Ball, location: 2F
0-2: Ball
1-2: Foul Ball, location: 2F
1-2: Ground out 4-3 (Groundball, 4)
Pinch Hitting: RHB James Stevens 0-0: Ball
1-0: Called Strike
1-1: Called Strike
1-2: Ball
2-2: Foul Ball, location: 2F
2-2: Strikes out looking
Top of the 10th over - 0 runs, 0 hits, 0 errors, 0 left on base; Topeka 1 - Amarillo 1
BOTTOM OF THE 10TH
Amarillo Archdukes batting - Pitching for Topeka Tornados : LHP John Whitaker
Pitching: LHP Fred Villa
Now at 3B: James Stevens
Pinch Hitting: RHB Seiji Kouno 0-0: Foul Ball, location: 2F
0-1: DOUBLE (Line Drive, 7LM)
Batting: SHB Álex Hernández 0-0: Intentional Walk
Batting: LHB Edwin Ryan 0-0: Called Strike
0-1: Ball
1-1: Called Strike
1-2: Strikes out swinging
Batting: RHB Herb Bunch 0-0: Ball
1-0: Fielders Choice at 2nd, 6-4 (Groundball, 6D)
Seiji Kouno to third
Pinch Hitting: RHB Nobuharu Hoshino 0-0: Ball
1-0: Ball
2-0: Ball
3-0: Base on Balls
Herb Bunch to second
Batting: RHB José Tamayo 0-0: Called Strike
0-1: Ball
1-1: Fielders Choice at 2nd, 6-4 (Groundball, 56)
Bottom of the 10th over - 0 runs, 1 hit, 0 errors, 3 left on base; Topeka 1 - Amarillo 1
TOP OF THE 11TH
Topeka Tornados batting - Pitching for Amarillo Archdukes : LHP Christiano Gomes
Pitching: RHP Dalton Ray
Now at C: Nobuharu Hoshino
Now at 3B: Mark Roy
Batting: LHB Bill Frazier 0-0: Ball
1-0: Swinging Strike
1-1: Swinging Strike
1-2: Foul Ball, location: 2F
1-2: SINGLE (Flyball, 78S)
Batting: SHB José López 0-0: Sac Bunt - play at first, batter safe!
Bill Frazier to second
Batting: RHB Desi Thompson 0-0: Ball
1-0: Ball
Wild Pitch!
Bill Frazier to third
José López to second
2-0: Called Strike
2-1: Swinging Strike
2-2: Strikes out swinging
Batting: SHB Javier Peña 0-0: Ball
1-0: Fly out, F4 (Popup, 4S)
Batting: LHB Richard Hinkle 0-0: Called Strike
0-1: Called Strike
0-2: Strikes out swinging
Top of the 11th over - 0 runs, 2 hits, 0 errors, 2 left on base; Topeka 1 - Amarillo 1
BOTTOM OF THE 11TH
Amarillo Archdukes batting - Pitching for Topeka Tornados : LHP Fred Villa
Pitching: RHP Luis Pérez
Batting: RHB Roberto García 0-0: Ball
1-0: Ball
2-0: Ball
3-0: Called Strike
3-1: Base on Balls
Batting: RHB J.J. Leslie 0-0: Swinging Strike
0-1: Ball
1-1: Called Strike
1-2: SINGLE (Groundball, 6) (infield hit)
Roberto García to second
Batting: LHB Earl Wigfall 0-0: Ball
1-0: Swinging Strike
1-1: Swinging Strike
1-2: Grounds into double play, 4-6-3 (Groundball, 34)
Roberto García to third
Batting: RHB Mark Roy 0-0: Swinging Strike
0-1: Ball
1-1: Ball
2-1: Ball
3-1: Base on Balls
Batting: SHB Álex Hernández 0-0: Swinging Strike
0-1: Called Strike
0-2: Ball
1-2: Strikes out swinging
Bottom of the 11th over - 0 runs, 1 hit, 0 errors, 2 left on base; Topeka 1 - Amarillo 1
TOP OF THE 12TH
Topeka Tornados batting - Pitching for Amarillo Archdukes : RHP Dalton Ray
Batting: SHB Giancarlo Giannini 0-0: Ball
1-0: Hit by Pitch
Batting: RHB Félix Gonzáles 0-0: Called Strike
0-1: Ball
1-1: SINGLE (Flyball, 8LS)
Giancarlo Giannini to second
Batting: LHB Edward Rose 0-0: Called Strike
0-1: Foul Ball, location: 2F
0-2: Strikes out looking
Batting: RHB James Stevens 0-0: Ball
1-0: Ball
2-0: Swinging Strike
2-1: Ball
3-1: Base on Balls
Giancarlo Giannini to third
Félix Gonzáles to second
Batting: LHB Bill Frazier 0-0: Foul Ball, location: 2F
0-1: Foul Ball, location: 2F
0-2: Grounds into fielders choice 4-2 (Groundball, 4)
Félix Gonzáles to third
James Stevens to second
Batting: SHB José López 0-0: Called Strike
0-1: Foul Ball, location: 2F
0-2: Ball
1-2: Foul Ball, location: 2F
1-2: Ball
2-2: Ball
3-2: Foul Ball, location: 2F
3-2: Foul Ball, location: 2F
3-2: Base on Balls
Félix Gonzáles scores
James Stevens to third
Bill Frazier to second
Batting: RHB Desi Thompson 0-0: Swinging Strike
0-1: Ball
1-1: Ball
2-1: Foul Ball, location: 2F
2-2: Foul Ball, location: 2F
2-2: Fielders Choice at 2nd, 5-4 (Groundball, 5L)
Top of the 12th over - 1 run, 1 hit, 0 errors, 3 left on base; Topeka 2 - Amarillo 1
BOTTOM OF THE 12TH
Amarillo Archdukes batting - Pitching for Topeka Tornados : RHP Luis Pérez
Batting: LHB Edwin Ryan 0-0: SOLO HOME RUN (Flyball, 9LD), Distance : 325 ft
Batting: RHB Herb Bunch 0-0: Ball
1-0: Ball
2-0: Called Strike
2-1: Foul Ball, location: 2F
2-2: Ground out 5-3 (Groundball, 56)
Batting: RHB Nobuharu Hoshino 0-0: Fly out, F7 (Flyball, 7)
Batting: RHB José Tamayo 0-0: Ball
1-0: Swinging Strike
1-1: SINGLE (Groundball, 56D)
Batting: RHB Roberto García 0-0: Called Strike
0-1: Ball
1-1: Foul Ball, location: 2F
1-2: Ball
2-2: Foul Ball, location: 2F
2-2: Ground out 5-3 (Groundball, 25)
Bottom of the 12th over - 1 run, 2 hits, 0 errors, 1 left on base; Topeka 2 - Amarillo 2
TOP OF THE 13TH
Topeka Tornados batting - Pitching for Amarillo Archdukes : RHP Dalton Ray
Pitching: RHP Frederick Kern
Batting: SHB Javier Peña 0-0: Called Strike
0-1: Ball
1-1: Foul Ball, location: 2F
1-2: Ball
2-2: Strikes out swinging
Batting: LHB Richard Hinkle 0-0: Swinging Strike
0-1: Ball
1-1: Ball
2-1: Ball
3-1: Base on Balls
Batting: SHB Giancarlo Giannini 0-0: Called Strike
0-1: Foul Ball, location: 2F
0-2: Ball
1-2: Ball
2-2: Strikes out swinging
Batting: RHB Félix Gonzáles 0-0: Called Strike
0-1: Ball
1-1: Foul Ball, location: 2F
1-2: Strikes out swinging
Top of the 13th over - 0 runs, 0 hits, 0 errors, 1 left on base; Topeka 2 - Amarillo 2
BOTTOM OF THE 13TH
Amarillo Archdukes batting - Pitching for Topeka Tornados : RHP Luis Pérez
Batting: RHB J.J. Leslie 0-0: Called Strike
0-1: Ball
1-1: SOLO HOME RUN (Flyball, 9D), Distance : 349 ft
Saturday, December 16th, 2017 - OOTP Baseball 18.8 Build 76